 Dungeon Crawl Stone Soup version 0.32-a0-886-g41c5271027 (webtiles) character file.

Game seed: 6313060750767618734

95011 dcgrp the Warrior (level 15, -4/141 HPs)
             Began as a Mountain Dwarf Fire Elementalist on Apr 2, 2024.
             Was an Initiate of Gozag.
             Slain by a demonic crawler (9 damage)
             ... on level 1 of the Spider Nest.
             The game lasted 01:23:52 (34995 turns).

dcgrp the Warrior (MDFE)                           Turns: 34995, Time: 01:23:53

Health: -4/141     AC: 30    Str: 15    XL:     15   Next: 65%
Magic:  21/30      EV:  6    Int: 28    God:    Gozag
Gold:   1104       SH:  5    Dex: 12    Spells: 20/36 levels left

rFire   + + .        b - +9 spear "Jipn" {freeze, Str+3 Dex+2}
rCold   + . .        m - +0 buckler {rF+}
rNeg    . . .        w - +1 shadow dragon scales
rPois   +            u - +0 helmet
rElec   +            I - +2 cloak {Stlth+}
rCorr   +            E - +0 pair of gloves
SInv    .            V - +0 pair of boots
Will    +....        J - amulet of the acrobat
Stlth   ++++         Y - +6 ring of intelligence
HPRegen 0.43/turn    T - +4 ring of protection
MPRegen 0.22/turn

%: acrobat
@: brilliant, resistant, spiked, gold aura, hasted and slowed, studying Polearms
A: runic magic, artefact enchanting
a: Renounce Religion, Potion Petition, Call Merchant, Bribe Branch


You were on level 1 of the Spider Nest.
You worshipped Gozag.
Gozag was most pleased with you.
You visited 6 branches of the dungeon, and saw 25 of its levels.
You also visited: Ossuary and Bailey.

You collected 7274 gold pieces.
You spent 2743 gold pieces at shops.
You paid 3427 gold pieces to Gozag.

Inventory:

Hand Weapons
 a - the +10 spear of the Messenger {flame, Str+3 Dex+4}
   (You found it on level 5 of the Dungeon)

   Str+3:     It affects your strength (+3).
   Dex+4:     It affects your dexterity (+4).
 b - the +9 spear "Jipn" (weapon) {freeze, Str+3 Dex+2}
   (You found it on level 5 of the Dungeon)

   Str+3:     It affects your strength (+3).
   Dex+2:     It affects your dexterity (+2).
 j - a +5 vampiric war axe
 A - a +0 antimagic war axe
Missiles
 o - 37 poisoned darts
 G - 3 throwing nets
Armour
 m - a +0 buckler of fire resistance (worn)
 u - a +0 helmet (worn)
 w - +1 shadow dragon scales (worn)
 E - a +0 pair of gloves (worn)
 I - a +2 cloak of stealth (worn)
 R - a +0 kite shield
 V - a +0 pair of boots (worn)
Jewellery
 r - a +6 ring of strength
 H - a ring of see invisible
 J - an amulet of the acrobat (around neck)
 O - a ring of positive energy
 T - a +4 ring of protection (right hand)
 W - a ring of protection from fire
 X - a ring of positive energy
 Y - a +6 ring of intelligence (left hand)
Wands
 v - a wand of mindburst (16)
 x - a wand of flame (18)
 B - a wand of warping (26)
 C - a wand of quicksilver (14)
Scrolls
 d - 10 scrolls of teleportation
 f - 4 scrolls of identify {@r1}
 p - 7 scrolls of fear
 q - 7 scrolls of vulnerability
 t - 3 scrolls of brand weapon
 D - 4 scrolls of butterflies
 F - 5 scrolls of poison
 L - 4 scrolls of blinking
 M - 2 scrolls of fog
 N - 3 scrolls of immolation
 Q - 3 scrolls of enchant armour
 S - 7 scrolls of revelation
 U - 2 scrolls of enchant weapon
Potions
 c - 5 potions of enlightenment
 e - 2 potions of haste
 h - 5 potions of mutation
 i - 5 potions of attraction
 l - a potion of heal wounds
 n - 6 potions of curing
 s - 4 potions of might
 y - a potion of invisibility
 z - 3 potions of lignification
 K - 5 potions of brilliance
 P - 4 potions of ambrosia
 Z - a potion of magic
Miscellaneous
 g - a sack of spiders (inert)


   Skills:
 - Level 15.0 Fighting
 - Level 12.0 Polearms
 - Level 12.0 Armour
 - Level 1.3 Dodging
 - Level 1.4 Stealth
 - Level 5.0 Shields
 + Level 11.1 Spellcasting
 + Level 7.5 Conjurations
 - Level 14.0 Fire Magic
 + Level 2.1 Air Magic
 - Level 8.0 Evocations


You had 20 spell levels left.
You knew the following spells:

 Your Spells              Type           Power      Damage    Failure   Level
a - Foxfire               Conj/Fire      100%       2x1d9     1%          1
b - Flame Wave            Conj/Fire      85%        2d18      1%          4
c - Fireball              Conj/Fire      42%        3d17      2%          5
d - Plasma Beam           Fire/Air       37%        2x1d50    41%         6

Your spell library contained the following spells:

 Spells                   Type           Power      Damage    Failure   Level
 Shock                    Conj/Air       100%       1d9       1%          1
 Sting                    Conj/Alch      100%       1d9       1%          1
 Scorch                   Fire           100%       2d9       1%          2
 Static Discharge         Conj/Air       100%       3-8/arc   1%          2
 Inner Flame              Hex/Fire       70%        N/A       1%          3
 Volatile Blastmotes      Fire/Tloc      100%       2d18      1%          3
 Mephitic Cloud           Conj/Alch/Air  50%        N/A       6%          3
 Mercury Vapours          Alch/Air       64%        N/A       8%          2
 Freeze                   Ice            92%        1d9       9%          1
 Slow                     Hex            92%        N/A       9%          1
 Iskenderun's Battlesphe  Conj           72%        2d12      10%         5
 Brom's Barrelling Bould  Conj/Erth      53%        2d7       17%         4
 Confusing Touch          Hex            23%        N/A       24%         3
 Vampiric Draining        Necr           23%        2d7       24%         3
 Arcjolt                  Conj/Air       29%        1d39      30%         5
 Vhi's Electric Charge    Tloc/Air       64%        N/A       45%         4
 Freezing Cloud           Conj/Ice/Air   25%        6-21      52%         5
 Anguish                  Hex/Necr       11%        N/A       63%         4
 Cause Fear               Hex            11%        N/A       63%         4
 Olgreb's Toxic Radiance  Alch           23%        N/A       63%         4
 Passage of Golubria      Tloc           23%        N/A       63%         4
 Silence                  Hex/Air        16%        N/A       82%         5
 Conjure Ball Lightning   Conj/Air       29%        3x3d8     86%         6
 Summon Forest            Summ/Tloc      11%        N/A       92%         5
 Summon Mana Viper        Hex/Summ       23%        N/A       92%         5
 Orb of Destruction       Conj           36%        9d11      97%         7
 Summon Cactus Giant      Summ           11%        N/A       100%        6
 Enfeeble                 Hex            11%        N/A       100%        7
 Lehudib's Crystal Spear  Conj/Erth      26%        10d7      100%        8


Dungeon Overview and Level Annotations

Branches:
Dungeon (15/15)            Temple (1/1) D:6            Lair (5/5) D:9
 Shoals (0/4) Lair:2       Spider (1/4) Lair:2        Slime (0/5) Lair:5
    Orc (2/2) D:10            Elf (1/3) Orc:2        Vaults (0/5) D:14
 Depths (0/4) D:15        Ossuary (visited)          Bailey (visited)

Altars:
Ashenzari
Cheibriados
Dithmenos
Elyvilon
Fedhas
Gozag
Hepliaklqana
Kikubaaqudgha
Makhleb
Nemelex Xobeh
Okawaru
Qazlal
Ru
Sif Muna
Trog
Uskayaw
Vehumet
Wu Jian
Xom
Yredelemnul
Zin
The Shining One
Beogh
Jiyva

Shops:
D:1 [   D:4 :   D:12 *=*   D:15 :   Orc:2 ([[*

Annotations:
D:4 1 runed translucent door, exclusion: door, Crazy Yiuf
D:12 2 runed translucent doors
Spider:1 1 runed translucent door, notthatgreg's ghost, adept KoHu


Innate Abilities, Weirdness & Mutations

Your spellcasting is much less encumbered by armour.
You can use scrolls of enchantment on lesser artefacts.


Message History

The steelbarb worm is lightly wounded.
The spark wasp barely misses you.
The boulder beetle curls into a ball and begins rolling!
The demonic crawler barely misses you. The demonic crawler closely misses you.
The demonic crawler misses you.
You feel protected. The spark wasp stings you!
* * * LOW HITPOINT WARNING * * *
The spark wasp shocks you. You resist.
* * * LOW HITPOINT WARNING * * *
A torpor snail comes into view.
Being near the torpor snail leaves you feeling lethargic.
Unknown command.
Unknown command.
Casting: Flame Wave (mildly dangerous; 1% risk of failure)
Confirm with . or Enter, or press ? or * to list all spells.
Casting: Flame Wave (mildly dangerous; 1% risk of failure)
Press: ? - help, Dir - look around, f - activate You feel a surge of power!
A wave of flame ripples out!
The flame wave engulfs the spark wasp!
The spark wasp is heavily wounded.
The flame wave engulfs the steelbarb worm!
The steelbarb worm resists.
The steelbarb worm is moderately wounded.
The flame wave engulfs the demonic crawler!
The demonic crawler is severely wounded.
The flame wave engulfs the moth of wrath!!
The moth of wrath is heavily wounded. (Press . to intensify the flame waves.)
The steelbarb worm is no longer distracted by gold.
The demonic crawler hits you but does no damage.
The demonic crawler barely misses you. The demonic crawler hits you.
* * * LOW HITPOINT WARNING * * *
You block the spark wasp's attack. You block the moth of wrath's attack.
The steelbarb worm hits you!!
* * * LOW HITPOINT WARNING * * *
Barbed spikes become lodged in your body.
The demonic crawler hits you!
You die...
Your body crumbles into a pile of gold.

#..... #..... ##.....
#......## ##########
#.......# #$....#..##
#.......# #W~~≈~+...##
#.......## #|....#...<##
#.....w@.# #######.....#
#.....ysy###............
#^........#.............
#.......................
#.....................##
#..B.....#.....####...#
.w○.....###...## ##^.#
.°....w.# ##...# ##..#
....... ##...# ##.#


You could see a boulder beetle (rolling), 2 steelbarb worms, a spark wasp, a
torpor snail, a demonic crawler and a moth of wrath.

Vanquished Creatures
  Rupert (D:14)
  An orc warlord (Orc:2)
  5 dire elephants
  A fire dragon (D:15)
  2 vault guards (D:14)
  Harold (D:10)
  5 hydras
  Erolcha (Orc:2)
  8 centaur warriors
  An ironbound frostheart (D:14)
  2 boulder beetles
  2 orc high priests (Orc:2)
  3 two-headed ogres
  Nergalle (D:12)
  4 skeletal warriors (D:15)
  A spectral anaconda (Lair:5)
  An obsidian statue (Lair:5)
  Pikel (D:4)
  4 obsidian bats
  3 orc knights
  6 deep elf zephyrmancers (Elf:1)
  16 deep elf pyromancers
  4 necromancers (Lair:5)
  5 cyclopes
  4 manticores
  An orc sorcerer (Orc:2)
  A black mamba (shapeshifter) (D:13)
  2 oklob plants (Lair:2)
  17 elephants
  14 ugly things
  A wolf spider (D:15)
  A dire elephant zombie (Lair:5)
  3 kobold blastminers (Orc:2)
  3 black mambas
  A torpor snail (Spider:1)
  Jeremiah (D:7)
  10 cane toads
  3 rime drakes
  9 komodo dragons
  An efreet (D:14)
  An unseen horror (D:8)
  A freezing wraith (D:14)
  A hornet (D:8)
  3 trolls
  2 polar bears
  23 blink frogs
  A jumping spider (Lair:2)
  A spectral elephant (Lair:5)
  Sigmund (D:4)
  4 slime creatures
  A culicivora (Lair:2)
  A ynoxinul (D:9)
  2 wraiths
  2 shadows (D:11)
  31 yaks
  3 wyverns
  2 humans (D:14)
  3 steam dragons
  6 wargs
  6 basilisks
  Grum (D:11)
  9 vampire mosquitoes
  3 redbacks (Lair:2)
  A death yak simulacrum (Lair:5)
  5 acid dragons
  16 water moccasins
  An ice beast (D:6)
  40 orc warriors
  3 black bears
  3 laughing skulls (D:15)
  5 ogres
  A boggart (D:12)
  7 centaurs
  5 wolves
  A phantom (D:6)
  A kobold brigand (D:10)
  4 lemures
  A weeping skull (Ossuary)
  An earth elemental (Elf:1)
  11 bullfrogs
  4 gnoll sergeants
  5 water moccasin zombies (Ossuary)
  4 scorpions
  3 wights (D:8)
  9 killer bees
  A vampire bat (D:14)
  2 howler monkeys
  3 electric eels (D:9)
  A jelly (D:3)
  2 bombardier beetles
  4 hounds
  9 orc priests
  A gnoll bouda (D:8)
  An iron imp (D:9)
  A spectral scorpion (Ossuary)
  4 iguanas
  21 orc wizards
  5 hell rats (Lair:5)
  2 crocodile zombies (Ossuary)
  2 mummies (Ossuary)
  25 gnolls
  11 adders
  A white imp (D:8)
  4 ufetubi
  2 adder zombies (Ossuary)
  A ribbon worm (D:3)
  4 dart slugs
  83 orcs
  5 bat skeletons (D:14)
  2 bat zombies (D:14)
  9 endoplasms
  10 giant cockroaches
  6 goblins
  6 hobgoblins
  6 jackals
  A quokka (D:1)
  7 ball pythons
  4 bats
  3 frilled lizards
  11 gnoll zombies (Ossuary)
  2 jackal zombies (Ossuary)
  16 kobolds
  5 orc zombies (Ossuary)
  9 rats
  A butterfly (Lair:2)
683 creatures vanquished.

Vanquished Creatures (collateral kills)
  A hydra (D:15)
  A cyclops (D:15)
  A laughing skull (D:15)
  3 foxfires
6 creatures vanquished.

Vanquished Creatures (others)
  A blink frog (Lair:3)
  916 foxfires
917 creatures vanquished.

Grand Total: 1606 creatures vanquished

Notes
Turn   | Place    | Note
-------+----------+-------------------------------------------
     0 | D:1      | dcgrp the Mountain Dwarf Fire Elementalist began the quest
                  | for the Orb.
     0 | D:1      | Reached XP level 1. HP: 14/14 MP: 3/3
   148 | D:1      | Reached skill level 1 in Fighting
   214 | D:1      | Reached XP level 2. HP: 24/24 MP: 0/4
   215 | D:1      | Reached skill level 2 in Fighting
   620 | D:1      | Found Meixanud's Antique Armour Shoppe.
   770 | D:1      | Reached skill level 3 in Fighting
   773 | D:1      | Reached XP level 3. HP: 31/31 MP: 0/5
  1949 | D:2      | Found Zudgheusu's Antique Armour Boutique.
  2113 | D:3      | Reached XP level 4. HP: 38/38 MP: 1/7
  2673 | D:3      | Reached skill level 5 in Fire Magic
  2897 | D:3      | Reached XP level 5. HP: 45/45 MP: 5/8
  3781 | D:3      | Reached skill level 1 in Armour
  3919 | D:3      | Reached skill level 1 in Evocations
  4259 | D:4      | Noticed Pikel
  4259 | D:4      | Noticed a lemure
  4259 | D:4      | Noticed a lemure
  4259 | D:4      | Noticed a lemure
  4260 | D:4      | Noticed a lemure
  4657 | D:4      | Learned a level 4 spell: Flame Wave
  4745 | D:4      | Killed a lemure
  4833 | D:4      | Reached skill level 1 in Conjurations
  5094 | D:4      | Reached XP level 6. HP: 48/51 MP: 2/9
  5292 | D:4      | Found a blossoming altar of Fedhas.
  5484 | D:4      | Noticed Sigmund
  5487 | D:4      | Killed Sigmund
  5586 | D:4      | Found Picea's Book Emporium.
  5605 | D:4      | Found a runed translucent door.
  5606 | D:4      | Noticed Crazy Yiuf
  6068 | D:4      | Killed Pikel
  6069 | D:4      | Reached skill level 6 in Fighting
  6069 | D:4      | Reached XP level 7. HP: 29/63 MP: 0/11
  6187 | D:5      | Entered Level 5 of the Dungeon
  6504 | D:5      | Reached XP level 8. HP: 35/70 MP: 5/12
  6793 | D:5      | Identified the +10 spear of the Messenger {flame, Str+3
                  | Dex+4}
  7218 | D:5      | Identified the +9 spear "Jipn" {freeze, Str+3 Dex+2}
  7763 | D:6      | Found a staircase to the Ecumenical Temple.
  7772 | Temple   | Entered the Ecumenical Temple
  7787 | Temple   | Became a worshipper of Gozag Ym Sagoz the Greedy
  7961 | D:6      | Found a snail-covered altar of Cheibriados.
  8247 | D:6      | Reached skill level 5 in Armour
  8621 | D:7      | Found a sand-covered staircase.
  8627 | Ossuary  | Entered an ossuary
  8648 | Ossuary  | Reached XP level 9. HP: 37/72 MP: 11/15
  8856 | Ossuary  | Reached skill level 1 in Polearms
  9163 | D:7      | Noticed Jeremiah
  9444 | D:7      | Reached skill level 5 in Evocations
  9534 | D:7      | Killed Jeremiah
  9660 | D:7      | Found a broken altar of Ashenzari.
  9671 | D:7      | Found a sacrificial altar of Ru.
  9671 | D:7      | Found a hide-covered altar of Uskayaw.
  9671 | D:7      | Found a shimmering altar of Xom.
  9690 | D:7      | Found an ancient bone altar of Kikubaaqudgha.
  9912 | D:8      | Paralysed by a hornet for 2 turns
 10454 | D:8      | Identified the +3 ring mail "Marghus" {-Cast rPois rC-
                  | Str+9}
 10469 | D:8      | Noticed an unseen horror
 10480 | D:8      | Found a sparkling altar of Nemelex Xobeh.
 10627 | D:8      | Reached XP level 10. HP: 53/84 MP: 13/16
 10641 | D:7      | Reached skill level 7 in Fighting
 11706 | D:9      | Reached skill level 5 in Conjurations
 11708 | D:9      | Reached skill level 8 in Fighting
 11876 | D:9      | Found a burning altar of Makhleb.
 12308 | D:9      | Reached skill level 10 in Fire Magic
 12553 | D:9      | Found a staircase to the Lair.
 12574 | D:9      | Found a glowing silver altar of Zin.
 12717 | D:9      | Found a stormy altar of Qazlal.
 12745 | D:9      | Reached skill level 9 in Fighting
 13039 | D:9      | Found a bloodstained altar of Trog.
 13132 | D:9      | Found a shimmering blue altar of Sif Muna.
 13137 | D:9      | Got Sif Muna's Quarto of Rime and Turbulence
 13167 | D:9      | Noticed a two-headed ogre
 13175 | D:9      | Killed a two-headed ogre
 13176 | D:9      | Reached XP level 11. HP: 82/97 MP: 11/17
 13531 | D:4      | Bought a manual of Polearms for 1040 gold pieces
 13703 | Lair:1   | Entered Level 1 of the Lair of Beasts
 13922 | Lair:1   | Reached skill level 5 in Polearms
 14193 | Lair:1   | Reached skill level 10 in Fighting
 14413 | Lair:1   | Found a stormy altar of Qazlal.
 15425 | Lair:2   | Noticed an oklob plant
 15444 | Lair:2   | Noticed a five-headed hydra
 15457 | Lair:2   | Killed a five-headed hydra
 15458 | Lair:2   | Reached skill level 10 in Armour
 15640 | Lair:2   | Reached skill level 10 in Polearms
 15972 | Lair:2   | Found a staircase to the Shoals.
 16212 | Lair:2   | Found a hole to the Spider Nest.
 16241 | Lair:2   | Noticed an oklob plant
 16866 | Lair:2   | Killed an oklob plant
 16942 | Lair:2   | Killed an oklob plant
 16943 | Lair:2   | Reached XP level 12. HP: 41/106 MP: 12/18
 17566 | Lair:3   | Noticed an eight-headed hydra
 17595 | Lair:3   | Killed an eight-headed hydra
 17604 | Lair:3   | Reached skill level 5 in Spellcasting
 19807 | Lair:5   | Entered Level 5 of the Lair of Beasts
 19969 | Lair:5   | Reached XP level 13. HP: 100/113 MP: 23/23
 20906 | Lair:5   | Found a staircase to the Slime Pits.
 20907 | Lair:5   | Found a viscous altar of Jiyva.
 21185 | Lair:5   | Noticed a dire elephant
 21185 | Lair:5   | Noticed a dire elephant
 21185 | Lair:5   | Noticed a dire elephant
 21210 | Lair:5   | Killed a dire elephant
 21371 | Lair:5   | Noticed a dire elephant
 22523 | Lair:5   | Killed a dire elephant
 22804 | Lair:5   | Killed a dire elephant
 22805 | Lair:5   | Reached skill level 11 in Fighting
 22967 | Lair:5   | Killed a dire elephant
 23545 | D:10     | Entered Level 10 of the Dungeon
 23633 | D:10     | Found a flagged portal.
 23651 | Bailey   | Entered a bailey
 23736 | Bailey   | Found a large runed translucent door.
 23736 | Bailey   | Found a large runed translucent door.
 24154 | D:10     | Found a staircase to the Orcish Mines.
 24213 | D:10     | Noticed Harold
 24229 | D:10     | Killed Harold
 24858 | Orc:1    | Entered Level 1 of the Orcish Mines
 25419 | Orc:1    | Reached XP level 14. HP: 111/125 MP: 4/24
 25701 | Orc:2    | Entered Level 2 of the Orcish Mines
 25712 | Orc:2    | Found a staircase to the Elven Halls.
 25952 | Orc:2    | Found a roughly hewn altar of Beogh.
 25957 | Orc:2    | Found Raqeekk's Assorted Antiques.
 25993 | Orc:2    | Bought a scroll of identify for 68 gold pieces
 25993 | Orc:2    | Bought a smoky inky potion for 30 gold pieces
 25993 | Orc:2    | Bought a scroll of identify for 68 gold pieces
 26036 | Orc:2    | Reached skill level 12 in Fighting
 26141 | Orc:2    | Noticed Erolcha
 26150 | Orc:2    | Killed Erolcha
 26259 | Orc:2    | Found a roughly hewn altar of Beogh.
 26568 | Orc:2    | Found a roughly hewn altar of Beogh.
 26682 | Orc:2    | Found a roughly hewn altar of Beogh.
 26770 | Orc:2    | Found a roughly hewn altar of Beogh.
 26950 | Orc:2    | Noticed an orc warlord
 27179 | Orc:2    | Found a roughly hewn altar of Beogh.
 27183 | Orc:2    | Found Zarch's Antique Armour Emporium.
 27325 | Orc:2    | Killed an orc warlord
 27458 | Orc:2    | Found Fev Liji's Antique Armour Boutique.
 27459 | Orc:2    | Found a roughly hewn altar of Beogh.
 27462 | Orc:2    | Found Soerret's Antique Weapon Shop.
 27473 | Orc:2    | Bought a glowing buckler for 202 gold pieces
 27839 | D:11     | Identified the +9 flail "Axkuacle" {freeze, rC- Dex+5}
 27878 | D:11     | Reached skill level 1 in Shields
 27951 | D:11     | Noticed Grum
 27960 | D:11     | Killed Grum
 28901 | D:12     | Found a large runed translucent door.
 28904 | D:12     | Found a large runed translucent door.
 28904 | D:12     | Identified the +7 shortbow "Zeopoinwo" {freeze, rPois SInv}
 29143 | D:12     | Found Epposeis's General Store.
 29183 | D:12     | Noticed Nergalle
 29192 | D:12     | Killed Nergalle
 29247 | D:12     | Found Haolihob's Assorted Antiques.
 29256 | D:12     | Bought a runed cloak for 135 gold pieces
 29289 | D:12     | Found a large runed translucent door.
 29291 | D:12     | Found a large runed translucent door.
 29541 | D:12     | Found Kaec Yph's Jewellery Emporium.
 29796 | D:13     | Reached skill level 5 in Shields
 29820 | D:13     | Reached skill level 10 in Spellcasting
 30075 | D:13     | You fall into a shaft and drop 2 floors!
 30075 | D:15     | Entered Level 15 of the Dungeon
 30284 | D:14     | Noticed Rupert
 30284 | D:14     | Paralysed by Rupert for 3 turns
 30312 | D:14     | Found an ancient bone altar of Kikubaaqudgha.
 30494 | D:14     | Reached skill level 13 in Fighting
 30937 | D:14     | Found a gate to the Vaults.
 30980 | D:13     | Reached XP level 15. HP: 108/136 MP: 18/29
 31745 | D:14     | Reached skill level 14 in Fighting
 31868 | D:14     | Killed Rupert
 33186 | D:15     | Found a transporter.
 33196 | D:15     | Reached skill level 15 in Fighting
 33799 | D:15     | Found a transporter.
 33801 | D:15     | Found a transporter.
 33828 | D:15     | Found a transporter.
 33999 | D:15     | Found a staircase to the Depths.
 34355 | D:15     | Bought a book of the Spheres for 768 gold pieces
 34355 | D:15     | Bought a book of Lightning for 432 gold pieces
 34361 | D:15     | Learned a level 5 spell: Fireball
 34368 | D:15     | Learned a level 6 spell: Plasma Beam
 34502 | Elf:1    | Entered Level 1 of the Elven Halls
 34536 | Elf:1    | Reached skill level 1 in Air Magic
 34730 | Elf:1    | Noticed a deep elf sorcerer
 34907 | Spider:1 | Entered Level 1 of the Spider Nest
 34907 | Spider:1 | Found a runed translucent door.
 34964 | Spider:1 | Noticed notthatgreg's ghost (adept KoHu)
 34995 | Spider:1 | HP: 5/141 [steelbarb worm (19)]
 34995 | Spider:1 | Slain by a demonic crawler

Illustrated notes

Levels and vault maps discovered:
D:1:      mrwooster_arrival_statue, layout_basic, serial_shops,
          nicolae_shop_overgrown_old_shop, minmay_misc_feat_pillars
D:2:      layout_rooms, serial_shops, nicolae_lakefront_shop
D:3:      cheibrodos_fertilizer, layout_basic, grunt_ministairs_3
D:4:      layout_cave_pods, fedhas_ov_isle_minmay, serial_shops, shop,
          minivault_11, chequers_avenue, uniq_crazy_yiuf_cottage, uniq_pikel,
          uniq_sigmund
D:5:      layout_loops_corners, mumra_transporter_accident,
          hangedman_abyss_or_decor_stabs, grunt_decor_arrowhead
D:6:      layout_loops_ring, lemuel_coloured_pillars_altar,
          minmay_temple_entry_trees, hangedman_decor_push, skrybe_limestone_x,
          hex_large
D:7:      layout_cave_pools, minmay_overflow_temple_star_hex,
          nicolae_ossuary_entry_plus, uniq_jeremiah
D:8:      layout_cave_pools, lemuel_crystal_altar
D:9:      layout_roguey, nzn_overflow_gifts_of_might_and_magic, demons_altar,
          mainiacjoe_overflow_catwalk_spiral, dpeg_oklobed_lair,
          grunt_ministairs_9, nicolae_benzene_ring, disabler_island
D:10:     layout_cave_pods, orc_0_dummy, enter_bailey_3, uniq_harold
D:11:     layout_irregular_city, kennysheep_generic_room_12, uniq_grum
D:12:     layout_cross, serial_shops, shop_statue, shop, shop,
          minmay_hollow_rounded_squares, uniq_nergalle
D:13:     layout_cave_pools
D:14:     layout_basic, hellmonk_vaults_keyhole, kennysheep_flooded_box,
          kennysheep_vampire_church, uniq_rupert
D:15:     hangedman_depths_entry_try_elsewhere_first, layout_cave_pools,
          hex_tiny, nicolae_transporter_circle
Temple:   hellmonk_temple_forest_ring
Lair:1:   wad_woods_stonehenge, layout_small_grid, minivault_27, evilmike_ambush
          [evilmike_ambush_outer_basic, evilmike_ambush_inner_basic],
          infiniplex_staircase_pool_2, lemuel_fruit_tree, lemuel_fruit_fields
Lair:2:   layout_small_grid, shoals_dummy_entry,
          nicolae_spider_entry_tight_spaces, lemuel_fruit_fields,
          grunt_megastairs_4
Lair:3:   layout_regular_city
Lair:4:   layout_regular_city
Lair:5:   due_jungle_book, layout_loops_ring, slime_entry_1, grunt_megastairs_3
Spider:1: layout_cave_pods, ebering_ghost_reflecting_pool, drop_trap
Orc:1:    layout_caves
Orc:2:    grunt_orc_community_town_hall, layout_diamond_mine,
          grunt_orc_community_big_house_1, grunt_orc_community_big_house_2,
          grunt_orc_community_house_3, grunt_orc_community_house_1,
          grunt_orc_community_house_2, grunt_orc_community_house_1, basic_altar,
          uniq_erolcha
Elf:1:    eino_elf_arrival_customs, layout_geoelf_diagonals, minmay_elf_sorcery,
          minmay_misc_feat_rows

Skill      XL: |  1  2  3  4  5  6  7  8  9 10 11 12 13 14 15 |
---------------+----------------------------------------------+-----
Fighting       | 1 3 6 9 10 11 13 15 | 15.0
Spellcasting   | 2 3 4 7 10 11 | 11.1
Fire Magic     | 4 5 6 8 10 12 14 | 14.0
Armour         | 2 3 6 8 10 11 12 | 12.0
Evocations     | 1 3 6 8 |  8.0
Conjurations   | 1 2 3 4 5 7 |  7.5
Polearms       | 4 12 | 12.0
Shields        | 5 |  5.0
Air Magic      | 2 |  2.1
Dodging        | |  1.3
Stealth        | |  1.4

Action                     |  1- 3 |  4- 6 |  7- 9 | 10-12 | 13-15 || total
---------------------------+-------+-------+-------+-------+-------++-------
  Melee: Short sword       |    43 |    63 |     8 |       |       ||   114
         Unarmed           |     2 |       |       |       |       ||     2
         Hand axe          |    13 |    10 |       |       |       ||    23
         Spear             |       |       |   157 |   319 |  1114 ||  1590
   Cast: Foxfire           |    79 |   156 |   179 |   102 |     9 ||   525
         Flame Wave        |       |       |     1 |    59 |   111 ||   171
         Fireball          |       |       |       |       |     1 ||     1
 Invoke: Potion Petition   |       |       |       |     2 |     6 ||     8
         Call Merchant     |       |       |       |       |     1 ||     1
  Evoke: Wand              |       |     3 |       |     2 |    10 ||    15
         Sack of spiders   |       |       |       |       |     2 ||     2
    Use: Scroll            |       |    11 |     6 |     8 |     8 ||    33
         Potion            |       |     2 |     2 |     4 |     5 ||    13
   Stab: Sleeping          |       |       |     1 |       |     9 ||    10
         Distracted        |       |       |       |     1 |     6 ||     7
         Invisible         |       |       |       |       |     3 ||     3
 Armour: Robe              |    55 |    19 |       |       |       ||    74
         Ring mail         |       |    75 |   192 |    44 |       ||   311
         Chain mail        |       |       |       |   429 |   115 ||   544
         Shadow dragon sca |       |       |       |       |   853 ||   853
  Dodge: Dodged            |    65 |    57 |   116 |   306 |   488 ||  1032
  Block: Buckler           |       |       |       |       |   104 ||   104

Table legend: (Time is in decaauts)
 A = Elapsed time spent in this place.
 B = Non-inter-level travel time spent in this place.
 C = Inter-level travel time spent in this place.
 D = Time resting spent in this place.
 E = Time spent auto-exploring this place.
 F = Levels seen in this place.
 G = Mean time per level.
                   A        B        C        D        E       F      G
               +--------+--------+--------+--------+--------+-----+--------+
         Total |  34353 |  32527 |   1826 |      0 |  26966 |  27 | 1272.3 |
       Dungeon |  20760 |  19306 |   1454 |      0 |  16026 |  15 | 1384.0 |
        Temple |     30 |      2 |     28 |      0 |      0 |   1 |   30.0 |
          Lair |   9634 |   9354 |    280 |      0 |   7996 |   5 | 1926.8 |
   Spider Nest |     88 |     88 |      0 |      0 |     66 |   1 |   88.0 |
  Orcish Mines |   2683 |   2621 |     62 |      0 |   2184 |   2 | 1341.5 |
   Elven Halls |    263 |    263 |      0 |      0 |    123 |   1 |  263.0 |
       Ossuary |    479 |    479 |      0 |      0 |    317 |   1 |  479.0 |
        Bailey |    414 |    414 |      0 |      0 |    253 |   1 |  414.0 |
               +--------+--------+--------+--------+--------+-----+--------+

Top non-repeatable levels by time:
  Lair:5: 3190 daAuts
     D:3: 2414 daAuts
    D:14: 2062 daAuts
  Lair:2: 2005 daAuts
     D:9: 1799 daAuts
  Lair:4: 1735 daAuts
   Orc:2: 1707 daAuts
     D:4: 1680 daAuts
  Lair:1: 1470 daAuts
     D:8: 1446 daAuts
    D:15: 1433 daAuts
     D:6: 1394 daAuts
     D:5: 1292 daAuts
     D:1: 1264 daAuts
  Lair:3: 1231 daAuts
